 Dungeon Crawl Stone Soup version 0.20-a0-736-gd3249da (webtiles) character file.

809 Magnus the Thaumaturge (level 7, 0/36 HPs)
             Began as a Deep Elf Conjurer on Feb 23, 2017.
             Splashed by a jelly's acid (10 damage)
             ... on level 5 of the Dungeon.
             The game lasted 00:17:48 (5407 turns).

Magnus the Thaumaturge (Deep Elf Conjurer)          Turns: 5407, Time: 00:17:49

Health: 0/36       AC:  0    Str:  5    XL:     7   Next: 61%
Magic:  7/20       EV: 13    Int: 22    God:
Gold:   161        SH:  0    Dex: 15    Spells: 4/22 levels left

rFire    + . .     SeeInvis .   n - staff of cold
rCold    + . .     Gourm    .   a - +0 robe
rNeg     . . .     Faith    +   (no shield)
rPois    .         Spirit   .   x - +1 helmet
rElec    .         Reflect  .   (no cloak)
rCorr    .         Harm     .   (no gloves)
MR       .....                  (no boots)
Stlth    ++........             i - amulet of faith
Regen    0.2/turn               m - ring of flight
MPRegen  0.2/turn               p - ring of protection from fire

@: corroded
A: no striking features
a: Evoke Flight


You were on level 5 of the Dungeon.
You were not hungry.

You visited 1 branch of the dungeon, and saw 5 of its levels.

You collected 161 gold pieces.

Inventory:

Armour
 a - a +0 robe (worn)
 x - a +1 helmet (worn)
Magical Staves
 n - an uncursed staff of cold (weapon)
Jewellery
 i - an amulet of faith (around neck)
 m - a ring of flight (right hand)
 p - a ring of protection from fire (left hand)
Wands
 l - a wand of flame (22/48)
Scrolls
 d - 3 scrolls of identify
 t - a scroll of blinking
 u - 2 scrolls of remove curse
 y - 2 scrolls of recharging {unknown}
 z - a scroll of teleportation {unknown}
 A - a scroll of magic mapping {unknown}
Potions
 e - 4 potions of lignification
 g - 3 potions of curing
 j - 2 potions of mutation
 k - a potion of berserk rage
 o - 3 potions of heal wounds
 q - a potion of invisibility
 s - a potion of flight
 w - 2 potions of agility
Books
 b - a book of Conjurations

   Spells                             Type                      Level
   a - Magic Dart                     Conjuration                  1
   b - Searing Ray                    Conjuration                  2
   c - Dazzling Spray                 Conjuration/Hexes            3
   d - Fulminant Prism                Conjuration/Hexes            4
   e - Force Lance                    Conjuration/Translocation    4
   f - Iskenderun's Mystic Blast      Conjuration                  4
Comestibles
 c - 5 bread rations
 f - 3 meat rations
 h - 4 royal jellies
 r - 7 fruits


   Skills:
 - Level 2.4 Dodging
 - Level 2.4 Stealth
 + Level 8.2 Spellcasting
 + Level 8.2 Conjurations


You had 4 spell levels left.
You knew the following spells:

 Your Spells              Type           Power        Failure   Level  Hunger
a - Magic Dart            Conj           ####         1%          1    None
b - Searing Ray           Conj           #####.       1%          2    None
c - Dazzling Spray        Conj/Hex       ####..       4%          3    None
d - Iskenderun's Mystic   Conj           #####...     2%          4    ###....
e - Force Lance           Conj/Tloc      ####....     14%         4    ###....
f - Fulminant Prism       Conj/Hex       ####......   14%         4    ###....


Dungeon Overview and Level Annotations

Branches:
Dungeon (5/15)
 Temple: D:4-7

Altars:
Ashenzari
Cheibriados
Elyvilon
Qazlal
Vehumet
Wu Jian


Message History

Aim: a jelly (moderately wounded)
The magic dart hits the jelly.
The jelly is heavily wounded.
The jelly hits you. The acid corrodes you!
You are splashed with acid!
The acid burns!
Casting: Magic Dart
Confirm with . or Enter, or press ? or * to list all spells.
Aiming: Searing Ray
Press: ? - help, Shift-Dir - straight line, f/p - jelly
Aim: a jelly (moderately wounded)
The searing ray hits the jelly.
The jelly is heavily wounded. (Press . to maintain the ray.)
The jelly hits you.
You are splashed with acid!
The acid burns!
The searing ray hits the jelly.
The jelly is almost dead.
The jelly hits you.
* * * LOW HITPOINT WARNING * * *
You are splashed with acid!
The acid burns!
You die...

## ###### #### ..#
..... #...#
...##...##.....
....#...#......
.............$. #...#
#..J# #..@# #####
#...# #####
##...###...###...##
##.....##...##.....##
#.......#...#.......#
#..[........'.......#
#.......#...#.......#
##.....##...##.....##
##...###...###...##


You could see a jelly.

Vanquished Creatures
  Sigmund (D:3)
  A sky beast (D:5)
  A scorpion (D:4)
  A howler monkey (D:5)
  A crimson imp (D:5)
  A hound (D:4)
  An orc priest (D:3)
  A centaur skeleton (D:4)
  4 worker ants (D:4)
  Robin (D:3)
  4 gnolls (D:2)
  7 adders
  2 oozes (D:1)
  2 adder skeletons (D:4)
  A worm (D:5)
  4 dart slugs
  4 leopard geckos
  7 orcs (D:3)
  4 giant cockroaches
  15 goblins
  14 hobgoblins
  2 jackals (D:4)
  5 quokkas
  A ball python zombie (D:5)
  12 bats
  6 frilled lizards
  12 kobolds
  A leopard gecko skeleton (D:4)
  A quokka skeleton (D:5)
  7 rats
124 creatures vanquished.

Notes
Turn   | Place    | Note
-------+----------+-------------------------------------------
     0 | D:1      | Magnus the Deep Elf Conjurer began the quest for the Orb.
     0 | D:1      | Reached XP level 1. HP: 10/10 MP: 6/6
    79 | D:1      | Reached XP level 2. HP: 15/15 MP: 1/8
    93 | D:1      | Learned a level 2 spell: Searing Ray
   483 | D:1      | Reached skill level 5 in Conjurations
   506 | D:1      | Reached XP level 3. HP: 19/19 MP: 4/10
  1201 | D:2      | Reached XP level 4. HP: 24/24 MP: 8/12
  1674 | D:2      | Reached skill level 5 in Spellcasting
  1675 | D:2      | Reached XP level 5. HP: 28/28 MP: 6/14
  1777 | D:2      | Learned a level 3 spell: Dazzling Spray
  1782 | D:2      | Learned a level 4 spell: Iskenderun's Mystic Blast
  2267 | D:3      | Found a white marble altar of Elyvilon.
  3134 | D:3      | Noticed Sigmund
  3156 | D:3      | Killed Sigmund
  3156 | D:3      | Reached XP level 6. HP: 32/32 MP: 12/17
  3211 | D:3      | Noticed Robin
  3245 | D:3      | Killed Robin
  3530 | D:3      | Found a faded altar of an unknown god.
  3853 | D:3      | Learned a level 4 spell: Force Lance
  4164 | D:4      | Found a snail-covered altar of Cheibriados.
  4200 | D:4      | Found a shattered altar of Ashenzari.
  4394 | D:4      | Reached XP level 7. HP: 36/36 MP: 12/19
  4434 | D:4      | Found a radiant altar of Vehumet.
  4713 | D:4      | Found a stormy altar of Qazlal.
  4789 | D:4      | Found an ornate altar of the Wu Jian Council.
  5137 | D:5      | Entered Level 5 of the Dungeon
  5238 | D:5      | Learned a level 4 spell: Fulminant Prism
  5407 | D:5      | Splashed by a jelly's acid

Vault maps used:
D:1:      saegor_arrival_simple_c, minmay_tromino_v4_b
D:3:      elyvilon_altar_1, chequers_ecumenical_altar_twisty, uniq_sigmund,
          uniq_robin
D:4:      lemuel_round_altar, overflow_temple_1_default, grunt_qazlal_clouds,
          kennysheep_slug_shrine, vehumet_altar_wand_db, first_bread
D:5:      kennysheep_six_static_rooms, kennysheep_mini,
          overflow_temple_1_default, minmay_temple_entry_glass

Skill      XL: |  1  2  3  4  5  6  7 |
---------------+----------------------+-----
Conjurations   | 5 6 7 8 |  8.2
Spellcasting   | 4 5 6 7 8 |  8.2
Dodging        | |  2.4
Stealth        | |  2.4

Action                   |  1- 3 |  4- 6 |  7- 9 || total
-------------------------+-------+-------+-------++-------
 Cast: Magic Dart        |    70 |   123 |    46 ||   239
       Searing Ray       |       |    12 |     7 ||    19
       Iskenderun's Myst |       |       |     2 ||     2
  Use: Scroll            |       |    15 |       ||    15
  Eat: Chunk             |     1 |     9 |     3 ||    13
Armor: Robe              |     1 |     4 |     7 ||    12
Dodge: Dodged            |     3 |    20 |     8 ||    31
